Unix NetHack Version 5.0.0-0 post-release - last build May 10 2026 23:12:36 (d1fa5d53e341ca933230fdaa984d921c805b60aa,branch:main).

Game began 2026-05-17 02:41:53, ended 2026-05-17 03:45:32.

Brudee, chaotic female human Monk

                             -----  ----
                            --.|.----..|                            ---
                            |.....--...--                          |..--
                            --..............^--                    |...--
                        ---  |-..<............|                    --...| ----
                      ---.|  |......)..[[*...--                   ---...---..|
   ------          ----...-- --.--...........|                   ......">....|
  --....--         |.......-- ----..|........---.                .@f.........--
 |.......|         |........--.--.---.------.....            --. gs...........|
 |...  .^--- -------..................|    |.....           ............. ...--
 |.....-...---.....))----........|.------  -[..[.          -.......- .......-
 |......^...)..-------    -......|.| -...--.%---.       ----......-   -.....|
 |..------.....|          ---..--|"||........|       -..|.(..|..--     ....--
 |..|   --....)|            |..|--.||........--      |.%..--- ---    |....-
 -.-|  |......--             --|..(||....|.....-     -....           ....-
 .*.|  |.....--                |..-- --.----......- -.....-         |....|
 -.--  --....|                 ---         --..............-        |....|
 ---    |....--                               ..............|       -....--
         .....|                                --.........|.|       ......|
          --.--                                   --- --. ---       --.|.--
           ---
Brudee the Initiate             St:18 Dx:13 Co:13 In:12 Wi:14 Ch:7  Chaotic S:7610
Dlvl:11 $:134 HP:0(65) Pw:39(44) AC:2  Xp:8/1739 T:5399 

Latest messages:
 The golden haze around you becomes less dense.
 The golden haze around you becomes more dense.
 The golden haze around you becomes less dense.
 Your danger sense causes you to take a second look close by.
 You find a rock piercer.
 You hit the rothe!
 The rothe hits!
 The rothe bites!
 The rothe bites again!
 You hit the rothe!
 You kill the rothe!
 You hear crashing rock.
 The rock piercer falters from your powerful strike!
 Sparky eats a rothe corpse.
 The rock piercer bites!
 You kill the gnome!
 The golden haze around you becomes less dense.
 You hit the rock piercer!
 You kill the rock piercer!
 R - a spiked wand.
 You are beginning to feel hungry.
 What do you want to eat? [P or ?*] ?
 This lichen corpse tastes delicious!
 You finish eating the lichen corpse.
 The golden haze around you becomes less dense.
 The golden haze around you becomes less dense.
 You stumble into a spider web!
 You disentangle yourself.
 The golden haze around you becomes less dense.
 You miss the cave spider.
 The cave spider bites!
 You kill the cave spider!
 You miss the gargoyle.
 You see the cave spider hide under a corpse.
 The gargoyle hits!
 The gargoyle hits again!
 The gargoyle bites!
 You miss the gargoyle.
 It misses!
 The gargoyle hits!
 The gargoyle hits again!
 The gargoyle bites!
 You miss the gargoyle.
 It misses!
 The gargoyle hits!
 The gargoyle hits again!
 The gargoyle bites!
 You die...
 Do you want your possessions identified? [ynq] (y) y
 Do you want to see your attributes? [ynq] (y) q

Inventory:
 Coins    ('$')
  $ - 134 gold pieces
 Amulets  ('"')
  p - an uncursed amulet of guarding
 Weapons  (')')
  J - a blessed +0 elven dagger
  L - the blessed rustproof +5 Ogresmasher
 Armor    ('[')
  a - an uncursed +2 pair of leather gloves (being worn)
  q - an uncursed +0 pair of water walking boots (being worn)
  b - an uncursed +1 robe (being worn)
 Scrolls  ('?')
  N - an uncursed scroll of remove curse
 Spellbooks  ('+')
  K - an uncursed spellbook of cure sickness
 Potions  ('!')
  O - an uncursed potion of extra healing
  z - an uncursed potion of monster detection
 Rings    ('=')
  h - an uncursed ring of conflict
  I - an uncursed ring of regeneration
  S - an uncursed ring of warning
  Q - a cursed ring of warning
 Wands    ('/')
  k - a wand of digging (0:4)
  H - a wand of fire (0:3)
  w - a wand of light (0:12)
  R - a wand of teleportation (0:5)
  G - a wand of undead turning (0:8)
 Tools    ('(')
  i - an uncursed sack containing 21 items
  F - an uncursed magic whistle
  D - a +0 pick-axe
  B - an uncursed skeleton key
  E - an uncursed skeleton key
  n - an uncursed tin opener
  X - a +0 unicorn horn

Contents of the sack:
  an uncursed slime mold
  3 uncursed apples
  an uncursed carrot
  4 uncursed food rations
  an uncursed lembas wafer
  6 uncursed oranges
  2 uncursed tripe rations
  an uncursed partly eaten lichen corpse
  a cursed scroll of blank paper
  2 uncursed scrolls of confuse monster
  an uncursed scroll of destroy armor
  a blessed scroll of enchant armor
  an uncursed scroll of enchant armor
  3 uncursed scrolls of enchant weapon
  an uncursed scroll of light
  an uncursed scroll of scare monster
  an uncursed potion of booze
  3 uncursed potions of monster detection
  an uncursed potion of oil
  2 potions of holy water
  2 uncursed potions of water

Brudee the Monk's attributes:

Background:
 You were an Initiate, a level 8 female human Monk.
 You were chaotic, on a mission for Huan Ti
 who was opposed by Shan Lai Ching (lawful) and Chih Sung-tzu (neutral).
 You were right-handed.
 You were in the Gnomish Mines, on level 11.
 You entered the dungeon 5399 turns ago.
 It was nighttime.
 There was a new moon in effect when your adventure ended.
 You had 1739 experience points, 821 more were needed to attain level 9.
 Your score was 7610 before end-of-game adjustments.

Basics:
 You had 0 out of 65 hit points.
 You had 39 out of 44 energy points (spell power).
 Your armor class was 2.
 Your wallet contained 134 zorkmids.
 Autopickup was on for '$!=+?/"' plus thrown.

Final Characteristics:
 Your strength was 18 (limit:18/100).
 Your dexterity was 13 (limit:18).
 Your constitution was 13 (limit:18).
 Your intelligence was 12 (limit:18).
 Your wisdom was 14 (limit:18).
 Your charisma was 7 (limit:18).

Final Status:
 You weren't hungry.
 You were unencumbered.
 You were empty handed.
 You had basic skill with martial arts and could have enhanced that.

Final Attributes:
 You were piously aligned.
 You were sleep resistant.
 You were poison resistant.
 You saw invisible.
 You were warned.
 You were stealthy.
 You could walk on water.
 You had a small defense bonus (+1).
 You were guarded.
 Your spell casting was enhanced by wearing a robe.
 You were fast.
 You are dead.

Miscellaneous:
 You didn't encounter any bones levels.
 Total elapsed playing time was 1 hour, 3 minutes and 36 seconds.

Major events:
 Turn
    1: Brudee the chaotic female human Monk entered the dungeon
 1116: attained the rank of Novice (level 3)
 1837: entered Sokoban
 2770: entered the Gnomish Mines
 2837: was bestowed with Ogresmasher by Huan Ti
 3061: attained the rank of Initiate (level 6)
 4098: reached Mine Town
 5399: killed by a gargoyle

Spells:
 Name                 Level Category     Fail Retention
 protection             1   clerical       0%   71%-80%
 cone of cold           4   attack        88%  76%-100%

Skills:
 Fighting Skills
   martial arts       [Basic]
 Weapon Skills
   hammer             [Basic]
   quarterstaff       [Unskilled]
   spear              [Unskilled]
   crossbow           [Unskilled]
   shuriken           [Unskilled]
 Spellcasting Skills
   attack spells      [Unskilled]
   healing spells     [Basic]
   divination spells  [Unskilled]
   enchantment spells [Unskilled]
   clerical spells    [Basic]
   escape spells      [Unskilled]
   matter spells      [Unskilled]

Voluntary challenges:
 Character rerolling was not enabled.
 You were vegetarian.
 You never genocided any monsters.
 You never polymorphed an object.
 You used no wishes.
 You did not violate any of the special Sokoban rules.
Achievements:
 You entered a shop.
 You attained the rank of Novice.
 You entered Sokoban.
 You entered the Gnomish Mines.
 You attained the rank of Initiate.
 You entered Minetown.
 You entered a temple.

 The Dungeons of Doom: levels 1 to 9
    Level 1:
       A fountain.
    Level 2:
       A weapon shop, a fountain.
    Level 3:
       Some fountains.
    Level 4:
       Many altars, a fountain.
       Stairs down to The Gnomish Mines.
    Level 5:
    Level 6:
       A fountain.
    Level 7:
       Many fountains.
    Level 8:
       A fountain.
       Stairs up to Sokoban, level 7.
    Level 9:
 The Gnomish Mines: levels 5 to 11
    Level 5:
    Level 6:
    Level 7:
    Level 8:
       Many shops, a temple and an altar, some fountains.
    Level 9:
    Level 10:
    Level 11: <- You were here.
       Final resting place for
          you, killed by a gargoyle.
 Sokoban:
    Level 7:
       Unsolved.


Vanquished creatures:
  a large mimic
  a small mimic
 an ettin zombie
  a giant beetle
 an orc-captain
 an iron piercer
  4 giant spiders
  2 gnome rulers
  a jaguar
  a white unicorn
  a raven
  a snake
  2 apes
  a human zombie
  2 bugbears
  a water nymph
 an orc shaman
  4 rock piercers
  a rock mole
  a pony
  8 gnome leaders
  5 gnomish wizards
  a kobold mummy
 13 dwarves
  a homunculus
  4 hill orcs
  4 rothes
  a rabid rat
  2 giant bats
  2 monkeys
  2 orc zombies
  3 werejackals
 an iguana
  a killer bee
 an acid blob
  a coyote
  3 hobbits
  a hobgoblin
  a giant rat
  3 cave spiders
  2 yellow molds
  a green mold
  a red mold
 53 gnomes
  2 garter snakes
  2 geckos
  4 jackals
  2 foxes
  a kobold
  a goblin
  4 sewer rats
  4 grid bugs
  3 lichens
  a kobold zombie
  6 newts
174 creatures vanquished.

No species were genocided or became extinct.

Game over:
                       ----------
                      /          \
                     /    REST    \
                    /      IN      \
                   /     PEACE      \
                  /                  \
                  |      Brudee      |
                  |      134 Au      |
                  |   killed by a    |
                  |     gargoyle     |
                  |                  |
                  |                  |
                  |       2026       |
                 *|     *  *  *      | *
        _________)/\\_//(\/(/\)/\//\/|_)_______

Goodbye Brudee the Monk...

You died in The Gnomish Mines on dungeon level 11 with 7597 points,
and 134 pieces of gold, after 5399 moves.
You were level 8 with a maximum of 65 hit points when you died.

